 Dungeon Crawl Stone Soup version 0.23-a0-451-g1044d4c (webtiles) character file.

844 theanonym the Cudgeler (level 7, -2/56 HPs)
             Began as a Mummy Warper on Nov 23, 2018.
             Was a Follower of Qazlal.
             Slain by an ogre
             ... wielding a +0 giant club
              (15 damage)
             ... on level 7 of the Dungeon.
             The game lasted 00:05:31 (4941 turns).

theanonym the Cudgeler (Mummy Warper)               Turns: 4941, Time: 00:05:32

Health: -2/56      AC: 12    Str: 16    XL:     7   Next: 68%
Magic:  11/11      EV:  7    Int: 12    God:    Qazlal [*.....]
Gold:   196        SH:  2    Dex: 12    Spells: 11/11 levels left

rFire    x . .     SeeInvis .   a - +1 mace
rCold    + . .     Gourm    .   (no shield)
rNeg     + + +     Faith    .   h - +0 chain mail (curse)
rPois    ∞         Spirit   .   q - +1 helmet
rElec    .         Reflect  .   j - +1 cloak
rCorr    +         Harm     .   (no gloves)
MR       .....                  (no boots)
Stlth    ..........             (no amulet)
HPRegen  0.18/turn              p - ring of resist corrosion
MPRegen  0.12/turn              m - ring of flight

@: no status effects
A: no food or potions, fire vulnerability, cold resistance 1, negative energy
resistance 3, torment resistance, unbreathing
a: Renounce Religion, Evoke Flight


Innate Abilities, Weirdness & Mutations

You do not eat or drink.
Your flesh is vulnerable to fire.
You are immune to poison.
Your flesh is cold resistant. (rC+)
You are immune to negative energy. (rN+++)
You are immune to unholy pain and torment.
You can survive without breathing.


   Skills:
 + Level 5.3 Fighting
 * Level 6.1 Maces & Flails
 - Level 0.7 Throwing
 - Level 0.7 Armour
 - Level 1.5 Dodging
 - Level 2.6 Spellcasting
   Level 2.4 Translocations


You had 11 spell levels left.
You didn't know any spells.
Your spell library contained the following spells:

 Spells                   Type           Power        Failure   Level  Hunger
 Blink                    Tloc           N/A          96%         2    N/A
 Magic Dart               Conj           #...         99%         1    N/A
 Shroud of Golubria       Chrm/Tloc      #.........   99%         2    N/A
 Gell's Gravitas          Tloc           #.........   99%         3    N/A
 Lesser Beckoning         Tloc           #.........   99%         3    N/A
 Teleport Other           Tloc           #.......     99%         3    N/A
 Searing Ray              Conj           #.....       100%        2    N/A
 Dazzling Spray           Conj/Hex       #.....       100%        3    N/A
 Force Lance              Conj/Tloc      #.......     100%        4    N/A
 Fulminant Prism          Conj/Hex       #.........   100%        4    N/A
 Iskenderun's Mystic Bla  Conj           #.......     100%        4    N/A
 Passage of Golubria      Tloc           N/A          100%        4    N/A

Skill      XL: |  1  2  3  4  5  6  7 |
---------------+----------------------+-----
Maces & Flails | 2 3 4 5 6 |  6.1
Fighting       | 3 4 5 |  5.3
Throwing       | |  0.7
Armour         | |  0.7
Dodging        | |  1.5
Spellcasting   | |  2.6
Translocations | |  2.4

Action                   |  1- 3 |  4- 6 |  7- 9 || total
-------------------------+-------+-------+-------++-------
Melee: Mace              |    51 |    80 |    53 ||   184
       Whip              |    57 |   124 |       ||   181
Throw: Tomahawk          |       |     4 |       ||     4
Invok: Upheaval          |       |       |     2 ||     2
Evoke: Wand              |       |       |     3 ||     3
  Use: Scroll            |       |       |     7 ||     7
Armor: Leather armour    |    23 |       |       ||    23
       Chain mail        |    21 |   143 |    45 ||   209
Dodge: Dodged            |    58 |    70 |    17 ||   145
Block: Other             |       |    17 |     3 ||    20

Inventory:

Hand Weapons
 a - a +1 mace (weapon)
 g - a +3 whip
   (You took it off a kobold on level 1 of the Dungeon)
Missiles
 e - a tomahawk of dispersal (quivered)
Armour
 b - a +0 leather armour
 h - a cursed +0 chain mail (worn)
   (You found it on level 2 of the Dungeon)
 j - a +1 cloak (worn)
   (You found it on level 4 of the Dungeon)
 l - a +0 cloak
   (You found it on level 3 of the Dungeon)
 q - a +1 helmet (worn)
   (You found it on level 7 of the Dungeon)
Magical Staves
 d - an uncursed staff of power {unknown}
   (You found it on level 7 of the Dungeon)
Jewellery
 f - the amulet of the Four Winds {rN+ MR+++ Clar}
   (You found it on level 4 of the Dungeon)

   [amulet of nothing]

   It protects you from negative energy.
   It affects your resistance to hostile enchantments.
   It protects you against confusion.
 m - a ring of flight (right hand)
   (You found it on level 3 of the Dungeon)
 o - an uncursed ring of wizardry
   (You found it on level 3 of the Dungeon)
 p - a ring of resist corrosion (left hand)
   (You found it on level 4 of the Dungeon)
Wands
 c - a wand of random effects (10)
   (You found it on level 5 of the Dungeon)
Scrolls
 i - 2 scrolls of immolation
 k - 2 scrolls of amnesia
 n - 3 scrolls of remove curse
 t - 2 scrolls of teleportation {!r}
 B - a scroll of blinking


You were on level 7 of the Dungeon.
You worshipped Qazlal.
Qazlal was aware of your devotion.
You were not hungry.

You visited 1 branch of the dungeon, and saw 6 of its levels.

You collected 196 gold pieces.

Dungeon Overview and Level Annotations

Branches:
Dungeon (5/15)             Temple (0/1) D:4

Altars:
Qazlal

#.....# #####.# .
#.# ##. #.# #..
#.# #.# #O# #.#
#.# #.# #.# #.#
#.#### #@#
#....######O#####
####............#
#..#####.###.#
#..# #.# #..# #.#
#..# #.# #... #.#
##.# #.#


You could see an ogre.

Notes
Turn   | Place    | Note
-------+----------+-------------------------------------------
     0 | D:1      | theanonym the Mummy Warper began the quest for the Orb.
     0 | D:1      | Reached XP level 1. HP: 16/16 MP: 4/4
    51 | D:1      | HP: 8/16 [hobgoblin/+0 club (4)]
   250 | D:1      | Reached skill level 2 in Maces & Flails
   275 | D:1      | Reached XP level 2. HP: 22/22 MP: 5/5
  1229 | D:2      | Reached XP level 3. HP: 27/28 MP: 7/7
  1763 | D:2      | Noticed Natasha
  1774 | D:2      | Killed Natasha
  1774 | D:2      | Reached skill level 3 in Fighting
  1774 | D:2      | Reached skill level 3 in Maces & Flails
  1774 | D:2      | Reached XP level 4. HP: 26/35 MP: 8/8
  1955 | D:2      | Found a faded altar of an unknown god.
  2008 | D:2      | Became a worshipper of Qazlal Stormbringer
  2008 | D:2      | Reached * piety under Qazlal
  2441 | D:3      | HP: 17/35 [orc (2)]
  2612 | D:3      | Found a runed door.
  2643 | D:3      | Noticed Grinder
  2897 | D:3      | Noticed Crazy Yiuf
  2901 | D:3      | HP: 12/35 [Crazy Yiuf/+4 quarterstaff of chaos (12)]
  2907 | D:3      | HP: 2/35 [Crazy Yiuf/+4 quarterstaff of chaos (6)]
  2919 | D:3      | Killed Crazy Yiuf
  2919 | D:3      | Reached XP level 5. HP: 4/41 MP: 5/9
  3235 | D:3      | HP: 19/41 [Grinder (4)]
  3245 | D:3      | HP: 19/41 [Grinder (2)]
  3252 | D:3      | HP: 8/41 [Grinder (3)]
  3254 | D:3      | Killed Grinder
  3254 | D:3      | Reached skill level 4 in Fighting
  3254 | D:3      | Reached skill level 4 in Maces & Flails
  3254 | D:3      | Reached XP level 6. HP: 10/48 MP: 10/10
  3717 | D:4      | Found a staircase to the Ecumenical Temple.
  3748 | D:4      | Reached skill level 5 in Maces & Flails
  3809 | D:4      | Reached ** piety under Qazlal
  3863 | D:4      | Reached XP level 7. HP: 34/55 MP: 11/11
  4045 | D:4      | Found the amulet of the Four Winds {rN+ MR+++ Clar}
  4577 | D:5      | Entered Level 5 of the Dungeon
  4589 | D:5      | Reached skill level 5 in Fighting
  4803 | D:5      | You fall through a shaft for 2 floors!
  4852 | D:7      | Noticed a yak
  4859 | D:7      | HP: 28/56 [orc/+0 flail (2)]
  4860 | D:7      | Noticed a yak
  4861 | D:7      | Noticed a yak
  4865 | D:7      | Noticed a yak
  4867 | D:7      | HP: 27/56 [yak (3)]
  4872 | D:7      | HP: 25/56 [black bear (3)]
  4877 | D:7      | HP: 15/56 [black bear (2)]
  4884 | D:7      | HP: 8/56 [black bear (2)]
  4886 | D:7      | Reached skill level 6 in Maces & Flails
  4939 | D:7      | HP: 13/56 [ogre/+0 giant club (5)]
  4941 | D:7      | Slain by an ogre

Vanquished Creatures
  Grinder (D:3)
  A black bear (D:7)
  2 ogres (D:4)
  A centaur skeleton (D:5)
  3 hounds (D:4)
  A bullfrog skeleton (D:4)
  An orc priest (D:4)
  Crazy Yiuf (D:3)
  Natasha (D:2)
  An orc wizard (D:7)
  A worker ant (D:7)
  3 adders
  An ooze (D:1)
  2 worms
  A dart slug (D:1)
  A leopard gecko (D:4)
  7 orcs
  5 bats
  5 giant cockroaches
  8 hobgoblins
  2 jackals (D:2)
  8 kobolds
  2 quokkas
  3 ball pythons
  4 frilled lizards
  10 goblins
  3 rats (D:3)
79 creatures vanquished.

Table legend:
 A = Turns spent in this place as a percentage of turns spent in the entire game.
 B = Non-inter-level travel turns spent in this place as a percentage of non-inter-level travel turns spent in the entire game.
 C = Inter-level travel turns spent in this place as a percentage of turns spent in this place.
 D = Turns resting spent in this place as a percentage of non-inter-level travel turns spent in this place.
 E = Turns spent auto-exploring this place as a percentage of non-inter-level travel turns spent in this place.
 F = Non-inter-level travel turns spent in this place divided by the number of levels of this place that you've seen.
                   A       B       C       D       E      F
               +-------+-------+-------+-------+-------+----------------------
         Total | 100.0 | 100.0 |   3.4 |  32.1 |  52.1 | 795.5
       Dungeon | 100.0 | 100.0 |   3.4 |  32.1 |  52.1 | 795.5
               +-------+-------+-------+-------+-------+----------------------
